 Dungeon Crawl Stone Soup version 0.25-a0-424-g80bd347ae0 (webtiles) character file.

Game seed: 16266292676278067798, levelgen mode: deterministic

9013 Kohma the Covert (level 11, -1/106 HPs)
             Began as a Naga Venom Mage on Jan 23, 2020.
             Was a Believer of Ashenzari.
             Slain by a purple ugly thing (16 damage)
             ... on level 11 of the Dungeon.
             The game lasted 00:56:40 (14302 turns).

Kohma the Covert (Naga Venom Mage)                 Turns: 14302, Time: 00:56:41

Health: -1/106     AC: 11    Str: 12    XL:     11   Next: 39%
Magic:  17/18      EV: 12    Int: 17    God:    Ashenzari [**....]
Gold:   476        SH:  0    Dex: 12    Spells: 3/20 levels left

rFire    + . .     SeeInvis +   r - +4 short sword (protect) (curse)
rCold    + + .     Gourm    .   m - +0 buckler
rNeg     . . .     Faith    .   E - +2 robe {rC+}
rPois    +         Spirit   .   v - +2 helmet (curse)
rElec    .         Reflect  .   w - scarf {rC+ rF+} (curse)
rCorr    .         Harm     .   G - +0 pair of gloves (curse)
MR       +....                  (no barding)
Stlth    ++........             n - amulet of magic regeneration
HPRegen  0.27/turn              l - +2 ring of evasion
MPRegen  0.41/turn              B - +5 ring of slaying (curse)

@: confused, very slightly contaminated, drained, very slow
A: large, see invisible, deformed body, poison resistance, slowness 2, slow
metabolism 1, spit poison 1, AC +3
a: Spit Poison, Curse Item, Scrying, Renounce Religion


You were on level 11 of the Dungeon.
You worshipped Ashenzari.
Ashenzari was pleased with you.
You were not hungry.

You visited 2 branches of the dungeon, and saw 12 of its levels.
You also visited: Gauntlet.

You collected 476 gold pieces.

Inventory:

Hand Weapons
 r - a cursed +4 short sword of protection (weapon)
Missiles
 d - 92 bolts
 e - 169 stones
 f - 44 sling bullets
 x - 8 javelins (quivered)
Armour
 m - a +0 buckler (worn)
 t - the +1 robe "Saxzec" {rElec rPois}
   (You found it on level 5 of the Dungeon)

   It insulates you from electricity.
   It protects you from poison.
 v - a cursed +2 helmet (worn)
 w - a cursed scarf of resistance (worn)
 D - a +1 cloak
 E - a +2 robe of cold resistance (worn)
 G - a cursed +0 pair of gloves (worn)
 H - a +0 plate armour
Jewellery
 l - a +2 ring of evasion (left hand)
 n - an amulet of magic regeneration (around neck)
 q - an uncursed ring of positive energy
 B - a cursed +5 ring of slaying (right hand)
Wands
 b - a wand of acid (4)
 k - a wand of random effects (29)
 y - a wand of clouds (4)
 A - a wand of paralysis (7)
Scrolls
 a - 2 scrolls of identify
 i - 2 scrolls of enchant weapon
 F - a scroll of enchant armour
Potions
 g - a potion of ambrosia
 h - 3 potions of curing
 j - a potion of agility
 p - a potion of haste
 s - 2 potions of lignification
 u - 2 potions of flight
 z - a potion of brilliance
 C - a potion of berserk rage
Comestibles
 c - 21 rations
 I - 3 chunks of flesh


   Skills:
 + Level 9.1(8.1) Fighting
 + Level 7.2(6.3) Armour
 - Level 2.0(2.3) Dodging
 - Level 10.0(10.2) Stealth
 - Level 2.4(1.5) Shields
 - Level 5.0(4.1) Spellcasting
 - Level 2.0(1.2) Conjurations
 * Level 2.2(1.4) Necromancy
 - Level 1.0(0.2) Transmutations
 - Level 3.1(2.2) Fire Magic
 - Level 3.0(2.2) Air Magic
 - Level 9.0(8.0) Poison Magic


You had 3 spell levels left.
You knew the following spells:

 Your Spells              Type           Power        Failure   Level  Hunger
a - Sting                 Tmut/Pois      ###.         3%          1    None
b - Poisonous Vapours     Pois/Air       ###...       3%          2    ##.....
c - Mephitic Cloud        Conj/Pois/Air  ###.....     12%         3    ###....
d - Olgreb's Toxic Radia  Pois           ####....     7%          4    ####...
e - Conjure Flame         Conj/Fire      #.......     26%         3    ###....
f - Animate Dead          Necr           N/A          71%         4    ####...

Your spell library contained the following spells:

 Spells                   Type           Power        Failure   Level  Hunger
 Foxfire                  Conj/Fire      #...         9%          1    None
 Animate Skeleton         Necr           N/A          11%         1    None
 Pain                     Necr           #...         11%         1    None
 Ignite Poison            Fire/Tmut/Pois ###.....     13%         3    ###....
 Vampiric Draining        Necr           #.........   30%         3    ###....
 Inner Flame              Hex/Fire       #.......     34%         3    ###....
 Sticky Flame             Conj/Fire      #.......     65%         4    ####...
 Fireball                 Conj/Fire      #.........   94%         5    ######.
 Agony                    Necr           #.......     96%         5    ######.


Dungeon Overview and Level Annotations

Branches:
Dungeon (11/15)            Temple (1/1) D:6            Lair (0/6) D:8
Gauntlet (visited)
    Orc: D:9-12

Altars:
Ashenzari
Cheibriados
Dithmenos
Elyvilon
Fedhas
Gozag
Hepliaklqana
Kikubaaqudgha
Makhleb
Nemelex Xobeh
Okawaru
Qazlal
Ru
Sif Muna
Trog
Uskayaw
Vehumet
Wu Jian
Xom
Yredelemnul
Zin
The Shining One

Annotations:
D:4 1 runed translucent door, rayg00n's ghost, amateur DrTm
D:6 Sigmund
D:7 3 runed translucent doors, poopendork's ghost, novice MiFi


Innate Abilities, Weirdness & Mutations

You cannot wear boots.
Your serpentine skin is tough. (AC +3)
You have supernaturally acute eyesight. (SInv)
Armour fits poorly on your strangely shaped body.
Your system is resistant to poisons. (rPois)
You cover ground very slowly.
You have a slow metabolism.
You can spit poison.


Message History

The stinking cloud engulfs the purple ugly thing but does no damage.
The purple ugly thing is severely wounded.
The purple ugly thing is engulfed in noxious fumes.
The purple ugly thing is engulfed in noxious fumes.
Casting: Mephitic Cloud (safe; 12% risk of failure)
Confirm with . or Enter, or press ? or * to list all spells.
Aiming: Poisonous Vapours (safe; 3% risk of failure)
Press: ? - help, Dir - move target cursor, f/p - purple ugly thing
Aim: a purple ugly thing (severely wounded, very poisoned) Poisonous vapours surround the purple ugly thing!
The purple ugly thing is engulfed in poison gas.
The purple ugly thing looks even sicker.
The purple ugly thing bites you.
* * * LOW HITPOINT WARNING * * *
You are confused.
You feel invigorated. The purple ugly thing bites you!
* * * LOW HITPOINT WARNING * * *
The purple ugly thing bites you but does no damage.
The purple ugly thing bites you!
You die...

#### ###...##
....#..##
*#.....##########
###.......°°°u@#
#...########.#
##### #.# * **
#)# *, #)# * ,,
#####.### ,
#.......### , ,
,#.##......# , ,,
,# #.#..#.#


You could see a purple ugly thing.

Vanquished Creatures
  A two-headed ogre (D:9)
  A troll (D:9)
  A hornet (D:8)
  2 hippogriffs
  Eustachio (D:5)
  5 yaks
  A steam dragon (D:10)
  Edmund (D:6)
  A basilisk (D:8)
  4 vampire mosquitoes (D:10)
  A water moccasin (D:8)
  Duvessa (D:6)
  A soldier ant (D:8)
  A black bear (D:6)
  An ice beast (D:8)
  A sky beast (D:9)
  A phantom (D:4)
  5 orc warriors
  A necrophage (D:10)
  7 ogres
  4 centaurs
  A crocodile (D:8)
  4 bullfrogs
  A scorpion (D:6)
  Dowan (D:6)
  15 killer bees
  15 wights
  6 howler monkeys
  A centaur zombie (D:8)
  7 crimson imps
  A bullfrog zombie (D:9)
  2 jellies (D:6)
  5 orc priests
  6 hounds
  A bullfrog skeleton (D:10)
  A centaur skeleton (D:10)
  Jessica (D:2)
  12 orc wizards
  10 worker ants
  A hound skeleton (D:10)
  A howler monkey zombie (D:9)
  Robin (D:2)
  8 gnolls
  12 adders
  2 shadow imps
  5 oozes
  An adder zombie (D:9)
  4 worms
  4 dart slugs
  2 leopard geckos
  53 orcs
  6 giant cockroaches
  12 goblins
  11 hobgoblins
  10 jackals
  2 quokkas (D:6)
  2 ball pythons
  6 bats
  4 frilled lizards
  4 kobolds
  A leopard gecko skeleton (D:4)
  A leopard gecko zombie (D:5)
  8 rats
293 creatures vanquished.

Vanquished Creatures (others)
  A plant (Gauntlet)
1 creature vanquished.

Grand Total: 294 creatures vanquished

Notes
Turn   | Place    | Note
-------+----------+-------------------------------------------
     0 | D:1      | Kohma the Naga Venom Mage began the quest for the Orb.
     0 | D:1      | Reached XP level 1. HP: 15/15 MP: 3/3
   309 | D:1      | Reached XP level 2. HP: 15/22 MP: 1/5
   930 | D:1      | Reached XP level 3. HP: 28/28 MP: 4/6
  1232 | D:1      | Learned a level 2 spell: Poisonous Vapours
  1295 | D:2      | Noticed Robin
  1298 | D:2      | Noticed Jessica
  1388 | D:2      | Learned a level 3 spell: Mephitic Cloud
  1762 | D:2      | Reached skill level 5 in Poison Magic
  1812 | D:2      | Killed Jessica
  1812 | D:2      | Reached skill level 1 in Shields
  1812 | D:2      | Reached XP level 4. HP: 36/36 MP: 1/8
  2172 | D:2      | Killed Robin
  2190 | D:2      | HP: 1/54 [goblin/+0 club[Robin] (4)]
  2505 | D:2      | Reached XP level 5. HP: 42/42 MP: 5/9
  3408 | D:4      | Found a hide-covered altar of Uskayaw.
  3408 | D:4      | Noticed a +0 hand axe
  3408 | D:4      | Noticed a +0 dagger
  3507 | D:4      | Found a runed translucent door.
  3511 | D:4      | Noticed rayg00n's ghost (amateur DrTm)
  3523 | D:4      | Reached skill level 1 in Conjurations
  3646 | D:4      | Reached skill level 1 in Air Magic
  3646 | D:4      | Reached XP level 6. HP: 24/49 MP: 3/10
  3652 | D:4      | Learned a level 4 spell: Olgreb's Toxic Radiance
  3878 | D:4      | Reached skill level 1 in Fighting
  3894 | D:4      | Reached skill level 1 in Armour
  4210 | D:4      | Noticed a phantom
  4291 | D:4      | Found a radiant altar of Vehumet.
  4293 | D:4      | Found a shattered altar of Ashenzari.
  4317 | D:4      | Became a worshipper of Ashenzari the Shackled
  4468 | D:4      | Reached XP level 7. HP: 58/58 MP: 8/11
  5262 | D:5      | Entered Level 5 of the Dungeon
  5280 | D:5      | Got the uncursed robe "Saxzec" {rElec rPois}
  5291 | D:5      | Identified the +1 robe "Saxzec" {rElec rPois} (You found it
                  | on level 5 of the Dungeon)
  5599 | D:5      | Found a glowing golden altar of the Shining One.
  5730 | D:5      | Reached XP level 8. HP: 69/69 MP: 1/12
  6076 | D:6      | Noticed Eustachio
  6104 | D:5      | Killed Eustachio
  6361 | D:6      | Found a stormy altar of Qazlal.
  6570 | D:6      | Found an opulent altar of Gozag.
  6571 | D:6      | Noticed Duvessa
  6571 | D:6      | Noticed Dowan
  6603 | D:6      | Killed Dowan
  6613 | D:6      | Killed Duvessa
  6822 | D:6      | Reached skill level 5 in Fighting
  6822 | D:6      | Noticed Edmund
  6828 | D:6      | Noticed Sigmund
  6867 | D:6      | Killed Edmund
  6867 | D:6      | Reached XP level 9. HP: 56/81 MP: 13/13
  7720 | D:6      | Reached skill level 5 in Armour
  7782 | D:6      | Reached * piety under Ashenzari
  7807 | D:6      | Found a staircase to the Ecumenical Temple.
  7842 | Temple   | Entered the Ecumenical Temple
  8110 | D:6      | Learned a level 3 spell: Conjure Flame
  8237 | D:6      | Reached skill level 1 in Fire Magic
  8714 | D:7      | Reached skill level 4 in Stealth
  9019 | D:7      | Found a runed translucent gate.
  9019 | D:7      | Found a runed translucent gate.
  9019 | D:7      | Found a runed translucent gate.
  9020 | D:7      | Noticed poopendork's ghost (novice MiFi)
  9069 | D:7      | Reached skill level 5 in Stealth
  9071 | D:7      | Reached XP level 10. HP: 85/92 MP: 5/14
  9254 | D:7      | Found a sacrificial altar of Ru.
  9455 | D:7      | Found an iron altar of Okawaru.
  9643 | D:8      | Found a shimmering altar of Xom.
  9652 | D:8      | Reached skill level 6 in Stealth
  9834 | D:8      | Found a staircase to the Lair.
  9874 | D:8      | Reached skill level 7 in Stealth
 10925 | D:9      | Reached skill level 8 in Stealth
 11555 | D:9      | Reached ** piety under Ashenzari
 11559 | D:9      | Noticed a two-headed ogre
 11576 | D:9      | Killed a two-headed ogre
 11576 | D:9      | Reached skill level 9 in Stealth
 11647 | D:9      | Reached XP level 11. HP: 104/104 MP: 17/17
 11677 | D:9      | Learned a level 4 spell: Animate Dead
 11810 | D:9      | Found a blossoming altar of Fedhas.
 12028 | D:10     | Entered Level 10 of the Dungeon
 12113 | D:10     | Found a glowing silver altar of Zin.
 13032 | D:10     | Reached skill level 10 in Stealth
 13273 | D:10     | Reached skill level 5 in Spellcasting
 13578 | D:11     | Reached skill level 1 in Necromancy
 13936 | D:11     | Found a gate leading to a gauntlet.
 13945 | Gauntlet | Entered a Gauntlet
 13945 | Gauntlet | Found a transporter.
 13952 | Gauntlet | Found a transporter.
 13954 | Gauntlet | Found a transporter.
 13969 | Gauntlet | Found a transporter.
 13971 | Gauntlet | Found a transporter.
 13974 | Gauntlet | Noticed a glowing orange brain
 13982 | Gauntlet | Found a runed translucent door.
 13985 | Gauntlet | Found a transporter.
 13986 | Gauntlet | Noticed a cyan ugly thing
 14000 | Gauntlet | Found a transporter.
 14003 | Gauntlet | Identified the +3 helmet of Watem {-Tele MR- Str+4 Int+6}
 14005 | Gauntlet | Noticed a death yak
 14007 | Gauntlet | Noticed a green ugly thing
 14008 | Gauntlet | Noticed a death yak
 14010 | Gauntlet | Found a transporter.
 14010 | Gauntlet | Noticed a death yak
 14013 | Gauntlet | Noticed a great orb of eyes
 14015 | Gauntlet | Noticed a cyan ugly thing
 14017 | Gauntlet | Noticed a satyr
 14017 | Gauntlet | Noticed a harpy
 14025 | Gauntlet | Found a transporter.
 14025 | Gauntlet | Found a transporter.
 14027 | Gauntlet | Noticed a moth of wrath
 14035 | Gauntlet | Found a transporter.
 14035 | Gauntlet | Found a transporter.
 14056 | Gauntlet | Noticed a harpy
 14059 | Gauntlet | Found a transporter.
 14064 | Gauntlet | Noticed a moth of wrath
 14064 | Gauntlet | a wind drake changed into a moth of wrath
 14070 | Gauntlet | a moth of wrath changed into a black mamba
 14074 | Gauntlet | Found a transporter.
 14075 | Gauntlet | Noticed a lindwurm
 14075 | Gauntlet | a yaktaur changed into a lindwurm
 14084 | Gauntlet | a harpy changed into a jumping spider
 14084 | Gauntlet | Noticed a death drake
 14084 | Gauntlet | a jumping spider changed into a death drake
 14087 | Gauntlet | Noticed a moth of wrath
 14087 | Gauntlet | a death drake changed into a moth of wrath
 14090 | Gauntlet | a moth of wrath changed into a dream sheep
 14094 | Gauntlet | Noticed a glowing orange brain
 14094 | Gauntlet | a floating eye changed into a glowing orange brain
 14096 | Gauntlet | a glowing orange brain changed into a redback
 14099 | Gauntlet | a lindwurm changed into a swamp worm
 14106 | Gauntlet | Noticed a cyclops
 14106 | Gauntlet | Noticed a moth of wrath
 14106 | Gauntlet | a cyclops changed into a moth of wrath
 14112 | Gauntlet | Noticed a two-headed ogre
 14112 | Gauntlet | a moth of wrath changed into a two-headed ogre
 14116 | Gauntlet | a two-headed ogre changed into an eye of devastation
 14121 | Gauntlet | Noticed a swamp dragon
 14121 | Gauntlet | a water nymph changed into a swamp dragon
 14122 | Gauntlet | a swamp dragon changed into a yaktaur
 14129 | Gauntlet | Noticed a manticore
 14129 | Gauntlet | a swamp worm changed into a manticore
 14131 | Gauntlet | a manticore changed into a water nymph
 14133 | Gauntlet | Noticed an anaconda
 14133 | Gauntlet | a water nymph changed into an anaconda
 14134 | Gauntlet | Noticed a cyclops
 14134 | Gauntlet | a komodo dragon changed into a cyclops
 14136 | Gauntlet | a cyclops changed into a yaktaur
 14275 | D:11     | Noticed a white ugly thing
 14302 | D:11     | Slain by a purple ugly thing

Levels and vault maps discovered:
D:1:      minmay_arrival_jagged, layout_loops_ring
D:2:      layout_basic, first_ration, item_on_display_a, uniq_robin,
          uniq_jessica
D:3:      layout_basic
D:4:      layout_cave_pods, dancing_weapons_uskayaw, grunt_temple_overflow_open,
          gammafunk_ghost_grave
D:5:      layout_rooms, tso_altar, chequers_serial_rivers_micro_c, st_stairs_10
D:6:      layout_loops_ring, nicolae_overflow_crystal_walls,
          grunt_gozag_statues, minmay_temple_entry_tees, minmay_fountain_box,
          uniq_duvessa, uniq_edmund, uniq_sigmund, uniq_eustachio
D:7:      layout_cave_pools, lemuel_round_altar, ebering_ghost_rock_garden,
          okawaru_metal_pillars_1_2
D:8:      layout_loops_cross, david_lair_generic, basic_altar,
          hangedman_pestilent_swarm
D:9:      layout_small_grid, kennysheep_mini_moat
D:10:     layout_loops_ring, basic_altar
D:11:     layout_loops_cross, gauntlet_entry_generic
Temple:   dpeg_chambers_temple

Skill      XL: |  1  2  3  4  5  6  7  8  9 10 11 |
---------------+----------------------------------+-----
Dodging        | 2 |  2.0
Poison Magic   | 5 6 7 8 9 |  9.0
Shields        | 1 2 |  2.4
Spellcasting   | 3 4 5 |  5.0
Conjurations   | 1 2 |  2.0
Air Magic      | 1 2 3 |  3.0
Fighting       | 1 3 5 6 8 9 |  9.1
Armour         | 1 2 4 5 6 7 |  7.2
Fire Magic     | 3 |  3.1
Stealth        | 5 9 10 | 10.0
Necromancy     | 2 |  2.2
Transmutations | |  1.0

Action                   |  1- 3 |  4- 6 |  7- 9 | 10-12 || total
-------------------------+-------+-------+-------+-------++-------
Melee: Dagger            |    38 |    26 |       |       ||    64
       Club              |     2 |       |       |       ||     2
       Short sword       |       |    87 |   391 |   362 ||   840
Throw: Stone             |       |     2 |     6 |     2 ||    10
 Cast: Sting             |    35 |    10 |     9 |     3 ||    57
       Poisonous Vapours |    15 |    55 |   129 |   116 ||   315
       Mephitic Cloud    |       |     1 |     5 |     7 ||    13
       Olgreb's Toxic Ra |       |       |     3 |     6 ||     9
       Conjure Flame     |       |       |       |     9 ||     9
Invok: Curse Item        |       |     3 |       |     1 ||     4
 Abil: Spit Poison       |     1 |     1 |     2 |       ||     4
Evoke: Wand              |       |       |     4 |       ||     4
  Use: Potion            |       |     3 |       |     1 ||     4
       Scroll            |       |    12 |     6 |     5 ||    23
 Stab: Sleeping          |       |     2 |       |     5 ||     7
       Distracted        |       |       |       |     2 ||     2
  Eat: Chunk             |     3 |    10 |    16 |    11 ||    40
       Ration            |       |       |     1 |     3 ||     4
Armor: Robe              |    15 |    27 |   164 |   193 ||   399
Dodge: Dodged            |    37 |    59 |   220 |   236 ||   552
Block: Buckler           |       |    19 |    81 |    92 ||   192

Table legend:
 A = Non-vault XP
 B = Vault XP
 C = Vault XP percentage of total XP
 D = Non-vault monster count
 E = Vault monster count
 F = Vault count percentage of total count
                 A         B        C        D         E       F
            +---------+---------+-------+---------+---------+-------
      Total |   11034 |    1842 |  14.3 |     266 |      27 |   9.2
            +---------+---------+-------+---------+---------+-------
        D:1 |      47 |       2 |   4.1 |      22 |       1 |   4.3
        D:2 |      43 |      73 |  62.9 |      15 |      13 |  46.4
        D:3 |      66 |       0 |   0.0 |      17 |       0 |   0.0
        D:4 |     750 |       0 |   0.0 |      36 |       0 |   0.0
        D:5 |     431 |     204 |  32.1 |      13 |       2 |  13.3
        D:6 |    1732 |     392 |  18.5 |      46 |       3 |   6.1
        D:7 |    1263 |       0 |   0.0 |      26 |       0 |   0.0
        D:8 |     579 |    1171 |  66.9 |       7 |       8 |  53.3
        D:9 |    2699 |       0 |   0.0 |      43 |       0 |   0.0
       D:10 |    2079 |       0 |   0.0 |      25 |       0 |   0.0
       D:11 |    1345 |       0 |   0.0 |      16 |       0 |   0.0
            +---------+---------+-------+---------+---------+-------
